Map: New Repugnancy LE

Players

OblIVIoN - Winner!

  • Race: Protoss Protoss
  • League: Master
  • Spawn Location: 7:00

Mez

  • Race: Terran Terran
  • League: Master
  • Spawn Location: 1:00

VOD

Have the link to the VOD?

Description

Time

  • Played on: Aug. 13, 2019, 3:23 p.m.
  • Length: 22:17
Show
View Real Time Build Order
Export as new Build Order

OblIVIoN Protoss - Winner!

Build Orders: 1 Gate Expand, Blink Stalkers 

Get SALT Encoding   

  12  0:01  Probe  
  13  0:13  Probe  
  14  0:17  Pylon  
  14  0:24  Probe  
  15  0:32  Probe  
  15  0:38  Gateway  
  15  0:40  Probe  
  16  0:46  Assimilator  
  17  0:51  Probe  
  18  1:03  Probe  
  20  1:22  Nexus  
  19  1:30  Cybernetics Core  
  19  1:31  Probe  
  19  1:39  Probe  
  20  1:40  Pylon  
  21  1:49  Probe  
  21  1:53  Assimilator  
  22  1:57  Adept  
  22  2:01  Probe  
  25  2:08  Warp Gate  
  25  2:13  Probe  
  26  2:20  Adept  
  26  2:24  Twilight Council  
  26  2:25  Probe  
  29  2:33  Blink  
  29  2:35  Probe  
  30  2:37  Probe  
  31  2:47  Probe  
  31  2:51  Probe  
  33  2:59  Probe  
  33  3:03  Probe  
  35  3:06  Gateway  
  34  3:15  Pylon  
  34  3:19  Stalker  
  36  3:22  Probe  
  36  3:23  Probe  
  38  3:34  Probe  
  38  3:35  Probe  
  38  3:39  Robotics Facility  
  40  3:46  Probe  
  40  3:47  Probe  
  40  3:48  Assimilator  
  42  3:57  Stalker  
  42  3:58  Probe  
  42  3:59  Probe  
  42  4:00  Stalker  
  48  4:10  Probe  
  48  4:11  Probe  
  48  4:13  Forge  
  48  4:15  Pylon  
  50  4:22  Probe  
  50  4:23  Probe  
  50  4:31  Protoss Ground Weapons Level 1  
  50  4:32  Stalker x2, Charge  
  50  4:34  Probe  
  55  4:43  Probe  
  56  4:47  Probe  
  57  4:54  Observer  
  57  4:55  Probe  
  57  4:59  Nexus  
  59  5:00  Gateway  
  59  5:05  Stalker  
  61  5:07  Gateway  
  61  5:14  Pylon  
  61  5:16  Robotics Bay  
  61  5:21  Gateway  
  60  5:32  Immortal  
  60  5:34  Probe x2  
  66  5:38  Assimilator  
  66  5:43  Pylon  
  66  5:46  Stalker x2  
  70  5:56  Probe x2  
  70  6:08  Probe  
  70  6:10  Stalker x3  
  77  6:11  Probe x2  
  77  6:13  Stalker  
  80  6:21  Probe  
  80  6:23  Probe  
  76  6:29  Stalker  
  76  6:35  Colossus  
  76  6:37  Zealot x3, Assimilator  
  76  6:38  Assimilator  
  88  6:43  Pylon  
  88  6:44  Probe x2, Protoss Ground Weapons Level 2  
  88  6:45  Probe  
  91  6:50  Zealot, Pylon  
  93  7:01  Zealot x2, Pylon  
  93  7:02  Zealot  
  93  7:03  Zealot  
  101  7:08  Probe x2  
  93  7:27  Warp Prism  
  87  7:35  Zealot x3  
  87  7:36  Zealot x2  
  91  7:38  Probe  
  91  7:39  Probe  
  91  7:42  Probe  
  96  7:47  Probe  
  97  7:57  Nexus  
  97  7:58  Zealot  
  99  7:59  Zealot, Pylon  
  99  8:01  Assimilator  
  99  8:03  Probe, Colossus  
  99  8:04  Stalker  
  104  8:06  Sentry x2, Assimilator  
  114  8:22  Zealot  
  114  8:23  Zealot  
  118  8:39  Zealot x3  
  108  8:51  Zealot x2  
  108  8:54  Colossus  
  88  9:02  Protoss Ground Armor Level 1  
  88  9:06  Zealot x2  
  88  9:07  Zealot  
  94  9:13  Zealot x2  
  94  9:29  Zealot x3  
  92  9:37  Colossus  
  92  9:40  Stalker x2  
  92  9:45  Gateway  
  96  9:48  Gateway  
  96  9:52  Probe x3  
  105  9:53  Zealot x3, Gateway  
  105  9:55  Gateway  
  111  10:03  Stargate  
  111  10:04  Stargate  
  111  10:05  Zealot x2, Pylon  
  115  10:08  Sentry x2  
  115  10:12  Probe x2  
  115  10:13  Probe  
  122  10:14  Probe  
  122  10:17  Sentry  
  125  10:24  Probe x2, Colossus  
  125  10:25  Probe  
  125  10:26  Probe  
  129  10:32  Zealot x2  
  129  10:33  Zealot  
  129  10:34  Sentry  
  143  10:36  Probe, Gateway  
  143  10:37  Probe x2, Gateway  
  143  10:40  Templar Archives  
  146  10:44  Dark Shrine  
  146  10:45  Pylon  
  146  10:54  Protoss Ground Weapons Level 3  
  106  11:08  Stalker x3, Colossus  
  106  11:09  Stalker x3  
  106  11:10  Stalker x3  
  110  11:17  Fleet Beacon  
  116  11:27  Psionic Storm  
  116  11:31  Stalker x3  
  116  11:32  Stalker x2  
  126  11:34  Zealot  
  126  11:39  High Templar x2  
  132  11:41  High Templar  
  132  11:42  High Templar  
  132  11:44  Probe x2  
  132  11:45  Probe  
  132  11:46  Probe  
  140  11:51  High Templar  
  142  11:58  Dark Templar  
  142  11:59  Dark Templar  
  142  12:00  Zealot x2  
  142  12:01  Zealot x2  
  154  12:13  High Templar  
  156  12:17  Pylon  
  156  12:21  Pylon x2  
  156  12:23  Pylon  
  156  12:26  Probe x2, Pylon  
  156  12:27  Pylon  
  156  12:28  Pylon  
  150  12:38  Tempest x2, Stargate  
  150  12:44  Dark Templar  
  162  12:52  Protoss Air Weapons Level 1  
  162  12:59  Dark Templar x3  
  162  13:01  Zealot x6  
  162  13:02  Zealot  
  176  13:23  Dark Templar  
  176  13:24  Dark Templar  
  176  13:26  Protoss Ground Armor Level 2  
  180  13:29  Tempest x3  
  180  13:34  Nexus  
  180  13:35  Pylon  
  180  13:38  Pylon  
  195  13:51  Immortal  
  195  13:52  Archon x2  
  199  14:21  Pylon  
  199  14:23  Pylon  
  199  14:24  Observer, Assimilator, Nexus  
  199  14:25  Assimilator  
  199  14:27  Pylon  
  200  14:56  Protoss Air Armor Level 1  
  198  15:01  Observer  
  195  15:31  Archon x3  
  195  15:41  High Templar  
  195  15:42  High Templar  
  199  15:48  Photon Cannon  
  199  15:50  Photon Cannon  
  199  15:52  Photon Cannon  
  199  15:54  Photon Cannon  
  199  15:55  Photon Cannon  
  199  15:57  Photon Cannon x2  
  199  16:00  Photon Cannon  
  199  16:03  Photon Cannon  
  199  16:04  Pylon  
  177  16:06  Pylon  
  175  16:13  Tempest x3  
  172  16:23  Observer  
  164  16:32  High Templar x6  
  175  16:33  High Templar x5  
  187  17:02  Archon x3  
  187  17:05  Protoss Ground Armor Level 3  
  187  17:07  Zealot x3  
  193  17:08  Zealot x2  
  193  17:09  Zealot  
  199  17:21  Protoss Air Weapons Level 2  
  184  17:42  Zealot x3  
  184  17:43  Zealot x4  
  184  17:44  Zealot x3  
  193  18:19  Tempest  
  188  18:20  Tempest  
  171  18:56  Archon x2  
  171  18:57  Archon  
  171  19:02  Zealot x5  
  155  19:03  Zealot x3  
  155  19:04  High Templar x3  
  157  19:12  Colossus  
  153  19:21  Tempest x3  
  158  19:38  High Templar  
  158  19:39  High Templar x6  
  158  19:40  High Templar x4  
  160  19:55  Protoss Shields Level 1  
  160  19:58  Archon  
  160  19:59  Colossus  
  158  20:00  Archon  
  158  20:07  Tempest x3  
  179  20:28  Dark Templar x2  
  179  20:29  Dark Templar x5  
  179  20:33  Dark Templar  
  195  20:49  Tempest  
  174  21:11  Colossus  
  174  21:17  Tempest x2  
  175  21:26  Archon x2  
  175  21:32  Tempest  
  173  21:41  High Templar  
  173  21:44  Zealot x2  
  173  21:45  Zealot x4  
  173  21:46  Zealot x2  
  191  21:47  Zealot x2  
  195  21:57  Assimilator  
  195  21:59  Assimilator  
  195  22:06  Nexus  
Show
View Real Time Build Order
Export as new Build Order

Mez Terran 

Build Orders: Reaper Expand 

Get SALT Encoding   

  12  0:00  SCV  
  13  0:12  SCV  
  14  0:17  Supply Depot  
  14  0:25  SCV  
  15  0:38  SCV  
  15  0:40  Barracks  
  16  0:44  Refinery  
  16  0:50  SCV  
  17  1:02  SCV  
  18  1:15  SCV  
  19  1:28  Reaper, Orbital Command  
  20  1:42  Command Center  
  20  1:52  Bunker  
  20  1:55  SCV  
  21  2:03  Barracks Reactor  
  22  2:08  SCV  
  22  2:09  Supply Depot  
  22  2:20  SCV  
  23  2:32  SCV  
  24  2:39  Factory  
  24  2:42  Marine x2  
  26  2:44  SCV  
  26  2:49  Refinery  
  27  2:54  Orbital Command  
  27  2:57  SCV  
  28  3:00  Marine x2  
  30  3:09  SCV  
  31  3:18  Marine x2  
  33  3:21  SCV  
  33  3:25  Widow Mine, Starport  
  36  3:27  SCV  
  36  3:33  SCV  
  38  3:39  SCV, Command Center  
  39  3:42  Refinery  
  39  3:45  SCV  
  40  3:52  SCV  
  40  3:53  Widow Mine  
  40  3:55  Marine x2  
  44  3:57  SCV  
  46  4:03  Starport Tech Lab  
  46  4:04  Supply Depot  
  46  4:08  SCV  
  46  4:09  SCV  
  48  4:15  Factory Tech Lab  
  48  4:20  SCV  
  48  4:21  SCV  
  50  4:33  SCV x2, Marine  
  50  4:34  Siege Tank  
  50  4:35  Raven  
  58  4:41  Barracks  
  58  4:44  Barracks  
  58  4:50  Orbital Command  
  58  4:52  SCV x2  
  60  4:55  Marine x2  
  62  5:00  Refinery  
  62  5:04  SCV x2  
  64  5:11  Siege Tank  
  67  5:16  SCV x2  
  67  5:17  Supply Depot  
  69  5:28  SCV x3  
  70  5:35  Starport Reactor  
  72  5:36  Engineering Bay  
  72  5:39  Engineering Bay  
  72  5:40  SCV x3  
  72  5:41  Stimpack  
  75  5:46  Barracks  
  75  5:49  Barracks  
  75  5:52  SCV x2  
  75  5:55  Factory Reactor  
  77  6:00  SCV  
  77  6:03  Marine x2, Marauder  
  77  6:04  SCV, Marauder  
  84  6:05  SCV  
  84  6:19  Orbital Command  
  82  6:30  Marine, Marauder  
  82  6:32  Terran Infantry Armor Level 1, Terran Infantry Weapons Level 1  
  85  6:34  Supply Depot  
  85  6:36  Combat Shield  
  85  6:37  Marine  
  85  6:38  Barracks Reactor, SCV x2, Marauder, Barracks Tech Lab  
  85  6:39  Medivac  
  93  6:47  SCV  
  93  6:50  Supply Depot  
  93  6:52  Supply Depot  
  93  6:55  SCV x2, Medivac  
  93  6:56  Widow Mine x2  
  101  7:08  Supply Depot x2  
  101  7:12  SCV x2, Marine x2, Marauder x2  
  101  7:13  SCV  
  101  7:14  Marauder  
  110  7:15  Refinery  
  103  7:24  SCV, Marine x2  
  95  7:34  Marauder x2  
  95  7:35  Marauder  
  95  7:36  Marine  
  98  7:38  Bunker  
  98  7:39  Widow Mine x2  
  98  7:40  Medivac x2  
  98  7:42  SCV  
  98  7:43  SCV x2  
  109  7:45  Refinery, Armory  
  109  7:48  Supply Depot  
  109  7:51  Supply Depot  
  109  7:55  SCV x3, Marauder x2  
  109  7:58  Marine, Supply Depot  
  117  8:09  Marine x3  
  117  8:10  Marauder  
  122  8:16  Marine, Marauder x2  
  122  8:18  Medivac x2  
  131  8:23  Ghost Academy, Supply Depot  
  131  8:25  Supply Depot  
  131  8:26  Supply Depot  
  131  8:27  Marine x3, Supply Depot  
  131  8:31  Marauder  
  131  8:33  Widow Mine x2  
  140  8:36  Starport  
  124  8:55  Marine x2, Marauder x2  
  113  8:56  Marauder  
  113  8:59  Liberator  
  113  9:00  SCV x3  
  113  9:02  Marine x2  
  106  9:11  Barracks x2  
  106  9:12  SCV x3, Barracks  
  106  9:13  Marine x2  
  106  9:16  Marine x3  
  116  9:20  Marine x2  
  112  9:24  SCV x3  
  112  9:31  Marine  
  114  9:35  Marine  
  114  9:36  SCV x2, Marine  
  114  9:37  Viking  
  116  9:39  Viking  
  116  9:41  Widow Mine x2  
  121  9:50  Supply Depot x2  
  121  9:51  Marine  
  121  9:52  Marine, Marauder  
  125  9:59  Viking  
  127  10:00  Ghost x2, Barracks Tech Lab x3  
  127  10:01  Marine x2  
  133  10:07  Terran Infantry Armor Level 2, Terran Infantry Weapons Level 2  
  133  10:09  Marine  
  134  10:15  Starport Tech Lab  
  134  10:17  Ghost  
  134  10:18  Marine  
  134  10:19  Marine x3  
  134  10:20  Fusion Core  
  134  10:21  Liberator x2  
  140  10:23  Liberator  
  140  10:29  Ghost  
  140  10:31  Sensor Tower  
  142  10:39  Command Center  
  118  11:07  Marine x4, Marauder x6  
  131  11:12  Widow Mine x2  
  131  11:18  Liberator x3  
  135  11:28  Marauder x2  
  139  11:37  Marine x4, Marauder x4  
  160  11:45  Terran Ship Weapons Level 1  
  160  11:49  Marine, Marauder  
  163  12:01  Liberator  
  163  12:03  Missile Turret x2  
  163  12:10  Missile Turret  
  163  12:14  Missile Turret  
  163  12:15  Missile Turret  
  163  12:18  Ghost x3, Missile Turret  
  170  12:32  Sensor Tower  
  170  12:44  Missile Turret  
  169  12:46  Viking x2  
  169  12:47  Missile Turret  
  173  12:54  Sensor Tower  
  173  12:56  Missile Turret  
  173  12:58  Missile Turret  
  172  13:18  Supply Depot  
  172  13:21  Planetary Fortress  
  172  13:24  Supply Depot  
  172  13:28  Supply Depot  
  172  13:35  Command Center  
  172  13:38  Refinery  
  172  13:39  Ghost x3  
  172  13:40  Viking, Refinery  
  180  13:57  Viking x2  
  184  14:05  Starport  
  184  14:09  Starport, Factory Reactor  
  184  14:48  Sensor Tower  
  184  14:59  Orbital Command  
  184  15:04  Viking x6  
  184  15:05  Command Center  
  196  15:09  Terran Infantry Armor Level 3, Terran Infantry Weapons Level 3  
  196  15:10  Personal Cloaking  
  196  15:11  Advanced Ballistics  
  183  15:37  Ghost x2, Marauder x3  
  183  15:38  Marine x2, Marauder  
  194  15:58  Marauder  
  171  16:04  Ghost  
  171  16:05  Ghost x2  
  171  16:06  Ghost x2  
  163  16:21  Viking x3  
  163  16:24  Marine  
  163  16:45  Viking x3  
  169  16:51  Viking  
  160  17:14  Viking  
  160  17:15  Viking x4  
  166  17:21  Viking  
  162  17:35  Planetary Fortress  
  162  17:37  Missile Turret  
  162  17:38  Missile Turret  
  162  17:39  Missile Turret  
  162  17:40  Missile Turret  
  156  17:44  Viking  
  156  17:45  Viking x3  
  156  17:48  Refinery  
  164  17:51  Refinery  
  164  18:03  Viking x2  
  164  18:14  Viking  
  165  18:23  Ghost x2  
  165  18:24  Marine, Marauder  
  165  18:25  Marauder x2  
  172  18:49  Liberator x2  
  160  19:01  Marine x2  
  160  19:02  Marine x8  
  132  19:19  Marine x4  
  135  19:31  Marine x6  
  125  19:37  Marine x3  
  127  19:45  Marine  
  122  19:52  Viking x2  
  119  19:53  Viking x2  
  119  19:57  Viking  
  125  20:18  Ghost x3  
  131  20:27  Hi-Sec Auto Tracking, Neosteel Armor  
  131  20:29  Nuke  
  129  20:43  Viking  
  129  20:44  Viking x2  
  133  21:10  Marine x2, Marauder  
  118  21:17  Viking x4  
  118  21:18  Viking x2  
  96  21:35  Marauder  
  96  21:36  Marine, Marauder x5  
  114  21:56  Marine x4  
Tags
 
Add a new tag
Caveats
  • Supply blocks, unpowered buildings, or Contaminate may cause inaccurate times.
  • Supply counts are checked every 10 seconds.